 Dungeon Crawl Stone Soup version 0.21-a0-507-ga8f6b7a (webtiles) character file.

700 kae the Ruffian (level 7, 0/70 HPs)
             Began as a Troll Monk on Nov 27, 2017.
             Was a Believer of Wu Jian.
             Slain by a two-headed ogre
             ... wielding a +0 giant club
              (31 damage)
             ... on level 8 of the Dungeon.
             The game lasted 00:02:56 (3868 turns).

kae the Ruffian (Troll Monk)                        Turns: 3868, Time: 00:02:57

Health: 0/70       AC:  5    Str: 20    XL:     7   Next: 38%
Magic:  6/6        EV: 12    Int:  6    God:    Wu Jian [**....]
Gold:   161        SH:  0    Dex: 14    Spells: 6/6 levels left

rFire    . . .     SeeInvis .     - Unarmed
rCold    . . .     Gourm    +   (no shield)
rNeg     . . .     Faith    .   a - +0 robe
rPois    .         Spirit   .   (helmet restricted)
rElec    .         Reflect  .   (no cloak)
rCorr    .         Harm     .   (gloves unavailable)
MR       .....                  (boots unavailable)
Stlth    ++........             (no amulet)
HPRegen  0.61/turn              (no ring)
MPRegen  0.10/turn              (no ring)

@: no status effects
A: large, unfitting armour, claws 3, fast metabolism 3, gourmand, regeneration
1, shaggy fur 1, tough skin 2
a: Renounce Religion


You were on level 8 of the Dungeon.
You worshipped Wu Jian.
Wu Jian was pleased with you.
You were not hungry.

You visited 2 branches of the dungeon, and saw 7 of its levels.

You collected 161 gold pieces.

Inventory:

Armour
 a - a +0 robe (worn)
Wands
 p - a wand of polymorph (9)
Scrolls
 j - a scroll of fear
 k - 2 scrolls of teleportation
 m - a scroll of enchant weapon
 n - a scroll of blinking
 o - a scroll of random uselessness {unknown}
 q - a scroll of fog
Potions
 d - 4 potions of curing
 e - 2 potions of degeneration {unknown}
 h - 2 potions of cancellation
 i - a potion of haste
 l - 2 potions of might
Books
 r - a book of Battle

   Spells                             Type                      Level
   a - Infusion                       Charms                       1
   b - Shroud of Golubria             Charms/Translocation         2
   c - Song of Slaying                Charms                       2
   d - Spectral Weapon                Hexes/Charms                 3
   e - Regeneration                   Charms/Necromancy            3
Comestibles
 b - 3 bread rations
 c - a royal jelly
 f - 3 meat rations
 g - 2 fruits


   Skills:
 + Level 4.1 Fighting
 + Level 4.1 Dodging
 - Level 1.0 Stealth
 * Level 6.5 Unarmed Combat


You had 6 spell levels left.
You didn't know any spells.

Dungeon Overview and Level Annotations

Branches:
Dungeon (5/15)             Temple (1/1) D:5

Altars:
Cheibriados
Elyvilon
Fedhas
Gozag
Kikubaaqudgha
Makhleb
Nemelex Xobeh
Okawaru
Ru
Sif Muna
Trog
Vehumet
Wu Jian
Xom
Zin
The Shining One


Innate Abilities, Weirdness & Mutations

You are too large for most types of armour.
You have claws for hands.
Your metabolism is lightning-fast.
You like to eat raw meat.
Your natural rate of healing is unusually fast.
You are covered in fur. (AC +1)
You have very tough skin. (AC +2)


Message History

You scratch the two-headed ogre but do no damage.
The two-headed ogre is heavily wounded.
The two-headed ogre barely misses you. The two-headed ogre closely misses you.
The two-headed ogre barely misses you. The two-headed ogre closely misses you.
You repeatedly attack the two-headed ogre from above.
You barely miss the two-headed ogre.
The two-headed ogre is heavily wounded.
You scratch the two-headed ogre.
The two-headed ogre is heavily wounded.
You barely miss the two-headed ogre.
The two-headed ogre is heavily wounded.
The two-headed ogre hits you with a giant club.
The two-headed ogre hits you with a giant club!!
You repeatedly attack the two-headed ogre from above.
You scratch the two-headed ogre.
The two-headed ogre is heavily wounded.
You scratch the two-headed ogre.
The two-headed ogre is heavily wounded.
The two-headed ogre hits you with a giant club!!
You die...

#### ### #..
########.## #.#
.....##.#.####.###
####.#.###.......#
###..##.#.####.#O###.#
#........## #.§@§...#
......#### ###§#####
##...## ####.## ##..#
#.....# ....# #.....#
###.## #.....# #+
#.....# #.....#
###.###


You could see a two-headed ogre.

Vanquished Creatures
  A sky beast (D:5)
  2 phantoms
  A crimson imp (D:5)
  A howler monkey (D:4)
  A hound (D:8)
  An iguana (D:4)
  5 worker ants
  A hound zombie (D:5)
  A hound skeleton (D:4)
  8 adders
  An adder skeleton (D:5)
  3 worms
  A dart slug (D:1)
  2 leopard geckos
  7 orcs
  2 giant cockroaches
  7 goblins
  6 hobgoblins
  3 kobolds
  5 quokkas
  A ball python (D:1)
  8 bats
  3 frilled lizards
  A giant cockroach zombie (D:5)
  A leopard gecko skeleton (D:4)
  9 rats
82 creatures vanquished.

Vanquished Creatures (others)
  2 fungi (D:8)
2 creatures vanquished.

Grand Total: 84 creatures vanquished

Notes
Turn   | Place    | Note
-------+----------+-------------------------------------------
     0 | D:1      | kae the Troll Monk began the quest for the Orb.
     0 | D:1      | Reached XP level 1. HP: 22/22 MP: 0/0
   172 | D:1      | Reached XP level 2. HP: 29/29 MP: 1/1
   914 | D:2      | Reached XP level 3. HP: 36/36 MP: 2/2
  1140 | D:2      | Reached skill level 4 in Unarmed Combat
  1574 | D:2      | Reached XP level 4. HP: 44/44 MP: 3/3
  2454 | D:4      | Reached XP level 5. HP: 18/53 MP: 4/4
  2589 | D:4      | Noticed a phantom
  2615 | D:4      | Killed a phantom
  2615 | D:4      | Reached skill level 5 in Unarmed Combat
  2730 | D:4      | Reached XP level 6. HP: 49/61 MP: 5/5
  2870 | D:4      | Found a bloodstained altar of Trog.
  2871 | D:4      | Found an iron altar of Okawaru.
  3109 | D:5      | Entered Level 5 of the Dungeon
  3109 | D:5      | Noticed a sky beast
  3115 | D:5      | Killed a sky beast
  3246 | D:5      | Found a burning altar of Makhleb.
  3247 | D:5      | Found a shimmering altar of Xom.
  3288 | D:5      | Reached skill level 6 in Unarmed Combat
  3288 | D:5      | Reached XP level 7. HP: 66/68 MP: 6/6
  3436 | D:5      | Found a snail-covered altar of Cheibriados.
  3577 | D:5      | Found a staircase to the Ecumenical Temple.
  3636 | D:5      | Found a radiant altar of Vehumet.
  3670 | Temple   | Entered the Ecumenical Temple
  3733 | Temple   | Became a worshipper of the Wu Jian Council
  3733 | Temple   | Reached * piety under Wu Jian
  3733 | Temple   | Reached ** piety under Wu Jian
  3778 | D:5      | You fall through a shaft for 3 floors!
  3836 | D:8      | Noticed a two-headed ogre
  3868 | D:8      | Slain by a two-headed ogre

Vault maps used:
D:1:      elethiomel_arrival_diamonds, minmay_cut_off
D:3:      kennysheep_generic_room_12
D:4:      grunt_temple_overflow_bloody_war, first_bread
D:5:      grunt_temple_overflow_champion_of_chaos, lemuel_round_altar,
          cheibriados_altar_1, minmay_temple_entry_glassed_door, serial_shops,
          shop, minivault_24
D:8:      dpeg_oklobed_lair, uniq_psyche, uniq_grum
Temple:   zaba_magenta_temple

Skill      XL: |  1  2  3  4  5  6  7 |
---------------+----------------------+-----
Unarmed Combat | 4 5 6 |  6.5
Fighting       | 3 4 |  4.1
Dodging        | 3 4 |  4.1
Stealth        | |  1.0

Action                   |  1- 3 |  4- 6 |  7- 9 || total
-------------------------+-------+-------+-------++-------
Melee: Unarmed           |    86 |   115 |    46 ||   247
       Punch             |       |     6 |     1 ||     7
  Use: Scroll            |     6 |     6 |       ||    12
 Stab: Sleeping          |     4 |     2 |     2 ||     8
       Distracted        |       |       |     1 ||     1
  Eat: Chunk             |    12 |    12 |     7 ||    31
       Bread ration      |       |     1 |       ||     1
Armor: Robe              |    26 |    12 |     6 ||    44
Dodge: Dodged            |    41 |    53 |    23 ||   117

Table legend:
 A = Spawn XP
 B = Non-spawn XP
 C = Spawn XP percentage of total XP
 D = Spawn monster count
 E = Non-spawn monster count
 F = Spawn count percentage of total count
 G = Total turns spent on level
                    A         B        C        D         E        F      G
               +---------+---------+-------+---------+---------+-------+---------
         Total |       0 |    1000 |   0.0 |       0 |      82 |   0.0 |  3868
               +---------+---------+-------+---------+---------+-------+---------
           D:1 |       0 |      40 |   0.0 |       0 |      24 |   0.0 |   900
           D:2 |       0 |      64 |   0.0 |       0 |      15 |   0.0 |   909
           D:3 |       0 |      13 |   0.0 |       0 |       7 |   0.0 |   513
           D:4 |       0 |     340 |   0.0 |       0 |      16 |   0.0 |   787
           D:5 |       0 |     487 |   0.0 |       0 |      18 |   0.0 |   588
           D:8 |       0 |      56 |   0.0 |       0 |       2 |   0.0 |    90
               +---------+---------+-------+---------+---------+-------+---------
